 Dungeon Crawl Stone Soup version 0.23.2-40-g277498a001 (webtiles) character file.

Game seed: 10555460920315810293

65 Exodus22XD the Skirmisher (level 3, -4/34 HPs)
             Began as a Minotaur Fighter on Aug 31, 2019.
             Slain by an iguana (7 damage)
             ... on level 6 of the Dungeon.
             The game lasted 00:02:28 (1471 turns).

Exodus22XD the Skirmisher (Minotaur Fighter)        Turns: 1471, Time: 00:02:28

Health: -4/34      AC: 11    Str: 21    XL:     3   Next: 94%
Magic:  2/2        EV:  4    Int:  5    God:
Gold:   86         SH:  9    Dex:  9    Spells: 2/2 levels left

rFire    . . .     SeeInvis .   a - +0 war axe
rCold    . . .     Gourm    .   c - +0 shield
rNeg     . . .     Faith    .   k - +0 plate armour (curse)
rPois    .         Spirit   .   (helmet restricted)
rElec    .         Reflect  .   (no cloak)
rCorr    .         Harm     .   (no gloves)
MR       .....                  (no boots)
Stlth    ..........             (no amulet)
HPRegen  0.11/turn              (no ring)
MPRegen  0.08/turn              (no ring)

@: hasted, very quick
A: retaliatory headbutt, horns 2
a: no special abilities


You were on level 6 of the Dungeon.
You were not hungry.

You visited 1 branch of the dungeon, and saw 4 of its levels.

You collected 86 gold pieces.

Inventory:

Hand Weapons
 a - a +0 war axe (weapon)
Armour
 b - a +0 scale mail
 c - a +0 shield (worn)
 k - a cursed +0 plate armour (worn)
Scrolls
 g - a scroll of amnesia {unknown}
 j - 2 scrolls of teleportation {unknown}
 l - a scroll of blinking {unknown}
 m - 2 scrolls of immolation {unknown}
 n - a scroll of fog {unknown}
Potions
 d - a potion of might
 e - a potion of flight {unknown}
 i - 2 potions of curing
 p - a potion of lignification {unknown}
Comestibles
 f - 4 rations
 o - 2 chunks of flesh


   Skills:
 + Level 4.3 Fighting
 + Level 3.5 Axes
 + Level 4.0 Armour
 + Level 0.7 Dodging
 + Level 4.1 Shields


You had 2 spell levels left.
You didn't know any spells.
Your spell library was empty.

Dungeon Overview and Level Annotations

Branches:
Dungeon (3/15)             Temple (0/1) D:6

Altars:
Vehumet


Innate Abilities, Weirdness & Mutations

You reflexively headbutt those who attack you in melee.
You have a pair of horns on your head.


Message History

You closely miss the iguana.
The iguana is moderately wounded.
You block the iguana's attack. x2
You hit the iguana.
The iguana is heavily wounded.
The iguana bites you but does no damage.
You closely miss the orc priest. You headbutt the orc priest.
The orc priest is moderately wounded.
You hit the iguana. The iguana bites you.
The orc priest mumbles some strange prayers to Beogh against you.
Pain shoots through your body!
You barely miss the iguana.
The iguana is almost dead.
You closely miss the orc priest. The iguana bites you!
* * * LOW HITPOINT WARNING * * *
The orc priest invokes the aid of Beogh against you.
You barely resist. You block the iguana's attack.
The orc priest begins to cast a cantrip, but forgets the words!
You feel yourself speed up. The iguana bites you!
You die...

............
.o...?.....##
...........
bo.>.....
#...... #o...
#.o### ##lo.#
#@o###
##...##
#.....#
#...##...#
###. #..## #.
....# ##
.$.## #####


You could see an iguana, an orc priest and 2 orcs.

Vanquished Creatures
  An adder (D:2)
  A worm (D:2)
  3 leopard geckos
  8 orcs (D:3)
  A ball python (D:2)
  5 bats
  A giant cockroach (D:1)
  5 goblins
  2 hobgoblins
  2 quokkas
  5 frilled lizards
  5 kobolds
  A rat (D:1)
40 creatures vanquished.

Notes
Turn   | Place    | Note
-------+----------+-------------------------------------------
     0 | D:1      | Exodus22XD the Minotaur Fighter began the quest for the
                  | Orb.
     0 | D:1      | Reached XP level 1. HP: 19/19 MP: 0/0
    91 | D:1      | Reached XP level 2. HP: 26/27 MP: 1/1
   672 | D:2      | Reached XP level 3. HP: 33/33 MP: 2/2
   794 | D:2      | Found a radiant altar of Vehumet.
  1146 | D:2      | You fall through a shaft!
  1459 | D:3      | You fall through a shaft for 3 floors!
  1459 | D:6      | Found a staircase to the Ecumenical Temple.
  1471 | D:6      | Slain by an iguana

Skill      XL: |  1  2  3 |
---------------+----------+-----
Fighting       | 4 |  4.3
Axes           | 3 |  3.5
Shields        | 4 |  4.1
Armour         | 4 |  4.0
Dodging        | |  0.7

Action                   || total
-------------------------++-------
Melee: War axe           ||   101
       Headbutt          ||    16
  Use: Potion            ||     2
  Eat: Chunk             ||     2
Armor: Scale mail        ||    28
       Plate armour      ||    23
Dodge: Dodged            ||    20
Block: Shield            ||    55
